 Dungeon Crawl Stone Soup version 0.24.0-13-gcf9b319 (webtiles) character file.

Game seed: 10843575691191464902, levelgen mode: deterministic

54299 sanboga the Peltast (level 14, -1/91 HPs)
             Began as a Gargoyle Berserker on Nov 16, 2019.
             Was a High Priest of Trog.
             Slain by an apocalypse crab (8 damage)
             ... on level 3 of the Abyss.
             The game lasted 00:26:17 (15420 turns).

sanboga the Peltast (Gargoyle Berserker)           Turns: 15420, Time: 00:26:18

Health: -1/91      AC: 12    Str: 30    XL:     14   Next: 72%
Magic:  14/14      EV: 18    Int:  8    God:    Trog [*****.]
Gold:   370        SH:  0    Dex:  9    Spells: 13/13 levels left

rFire    . . .     SeeInvis .   (weapon currently unavailable)
rCold    . . .     Gourm    .   (shield currently unavailable)
rNeg     + + +     Faith    .   (armour currently unavailable)
rPois    ∞         Spirit   .   (helmet currently unavailable)
rElec    .         Reflect  .   (cloak currently unavailable)
rCorr    +         Harm     .   (gloves currently unavailable)
MR       +++..                  (boots currently unavailable)
Stlth    +.........             (no amulet)
HPRegen  1.25/turn              e - ring of resist corrosion
MPRegen  0.14/turn              A - +4 ring of strength

@: fungus-form, berserk cooldown, flying, regenerating, lightly drained
A: tiny, blurry vision 1, negative energy resistance 1, petrification
resistance, rot immunity, AC +10
a: Berserk, Trog's Hand, Brothers in Arms, Renounce Religion


You were on level 3 of the Abyss.
You worshipped Trog.
Trog was extremely pleased with you.
You were near starving.
You were a sentient fungus.
You visited 2 branches of the dungeon, and saw 16 of its levels.
You visited the Abyss 1 time.

You collected 1061 gold pieces.
You spent 691 gold pieces at shops.

Inventory:

Hand Weapons
 a - a +1 broad axe of freezing (melded)
 F - a +2 broad axe
Armour
 m - a +0 pair of gloves (melded)
 v - a +0 plate armour (melded)
 y - a +2 cloak (melded)
 B - a +2 helmet of see invisible (melded)
 C - a +2 large shield (melded)
Jewellery
 e - a ring of resist corrosion (left hypha)
 z - an uncursed ring of fire
 A - a +4 ring of strength (right hypha)
 I - an uncursed ring of see invisible
Wands
 b - a wand of flame (29)
 d - a wand of random effects (28)
 h - a wand of paralysis (4)
 l - a wand of disintegration (17)
 x - a wand of iceblast (8)
 D - a wand of clouds (3)
 E - a wand of polymorph (11)
Scrolls
 i - 3 scrolls of magic mapping
 j - 13 scrolls of remove curse
 p - 5 scrolls of fog
 q - a scroll of fear
 r - 7 scrolls of teleportation
 t - 6 scrolls of enchant weapon
 u - a scroll of holy word
 w - a scroll of brand weapon
 G - 3 scrolls of identify
Potions
 k - a potion of haste
 s - 2 potions of mutation
Comestibles
 c - 20 rations


   Skills:
 + Level 11.7(11.5) Fighting
 * Level 13.5(13.3) Axes
 + Level 11.6(11.3) Armour
 - Level 1.5(1.3) Dodging
 * Level 15.3(15.0) Shields


You had 13 spell levels left.
You didn't know any spells.
Your spell library was empty.

Dungeon Overview and Level Annotations

Branches:
Dungeon (15/15)            Temple (1/1) D:7            Lair (0/6) D:11
    Orc (0/2) D:10         Vaults (0/5) D:14         Depths (0/5) D:15

Altars:
Ashenzari
Cheibriados
Dithmenos
Elyvilon
Fedhas
Gozag
Hepliaklqana
Kikubaaqudgha
Makhleb
Nemelex Xobeh
Okawaru
Qazlal
Ru
Sif Muna
Trog
Uskayaw
Vehumet
Wu Jian
Xom
Yredelemnul
Zin
The Shining One

Shops:
D:4 !   D:8 ?!}[?

Annotations:
D:11 exclusion: obsidian statue
D:15 Louise


Innate Abilities, Weirdness & Mutations

You are resistant to torment.
((Your stone body is resilient. (AC +10)))
You are immune to poison.
((Your large and strong wings let you fly indefinitely.))
You resist negative energy. (rN+)
((You are resistant to electric shocks. (rElec)))
((You can survive without breathing.))
You are immune to petrification.
You are immune to rotting.
Scrolls take you a little longer to read.


Message History

The ancient zyme is engulfed in seething chaos.
The ancient zyme hits you but does no damage. x2
You hit the apocalypse crab but do no damage.
The apocalypse crab is almost dead.
You hit the ancient zyme.
You hit the smoke demon but do no damage.
You are engulfed in seething chaos.
You turn into a sentient fungus.
Your +1 broad axe of freezing melds into your body.
Your +2 cloak melds into your body.
Your +2 helmet of see invisible melds into your body.
Your +0 pair of gloves melds into your body.
Your +2 large shield melds into your body.
Your +0 plate armour melds into your body.
Your +1 broad axe of freezing stops glowing.
You feel less perceptive.
You feel yourself speed up.
The apocalypse crab is engulfed in seething chaos.
A fistful of eyes flickers past your view.
The apocalypse crab bites you!
You die...

..#[. . ...#..
.# . .*#.#.
#.#. # #....##.
. .# ..#
..#..#.. .#.##
. .
.......####.#.#
##
#...§..§....##
. . .
#.##t3§.#.#. .
. x.
#.{f#†...## #
.. #..####.#..
.#. # ....
#...###..#x .#
. ##. ##. ##..#
.# # . . ..#..
. # . # . .#
..# .# #. #.
.#. # .. # .#
.#.. ##.# . # #
.


You could see a wretched star, an apocalypse crab and a smoke demon.

Vanquished Creatures
  Frances (D:14)
  A tentacled starspawn (Abyss:3)
  A very ugly thing (Abyss:3)
  Snorg (D:11)
  A green death (Abyss:3)
  An ettin (D:14)
  Josephine (D:12)
  2 naga warriors (Abyss:3)
  A death knight (D:13)
  4 vault guards (D:14)
  Erica (D:9)
  6 centaur warriors
  5 two-headed ogres
  An ogre mage (D:15)
  Urug (D:12)
  A tengu warrior (D:15)
  A wretched star (Abyss:3)
  An unseen horror (D:14)
  7 skeletal warriors
  A deep troll (D:14)
  Pikel (D:4)
  A wizard (D:14)
  An orc knight (D:14)
  A phantasmal warrior (D:13)
  A manticore (D:13)
  A deep elf mage (D:15)
  An oklob plant (D:11)
  An ugly thing (D:13)
  3 slime creatures (D:13)
  Psyche (D:8)
  2 cyclopes
  2 guardian serpents (Abyss:3)
  2 centaur zombies
  Joseph (D:8)
  Maurice (D:8)
  An orange demon (Abyss:3)
  2 gargoyles
  A freezing wraith (D:13)
  2 yaktaurs (D:14)
  A tengu conjurer (D:14)
  4 trolls
  A hippogriff (D:14)
  A hippogriff (shapeshifter) (Abyss:3)
  A human (D:7)
  27 yaks
  9 wraiths
  2 ynoxinuls (Abyss:3)
  2 wyverns
  A basilisk (D:15)
  3 hogs (D:7)
  A steam dragon (D:12)
  A large abomination (Abyss:3)
  A hungry ghost (D:10)
  A neqoxec (Abyss:3)
  3 nagas (Abyss:3)
  An insubstantial wisp (Abyss:3)
  3 small abominations (Abyss:3)
  2 water moccasins (D:11)
  2 eyes of draining
  3 ice beasts
  8 orc warriors
  A black bear (D:10)
  A hornet zombie (D:11)
  3 necrophages
  6 sky beasts
  4 slaves (D:4)
  2 starcursed masses (Abyss:3)
  3 phantoms
  19 centaurs
  6 ogres
  Blork the orc (D:4)
  A big kobold (D:8)
  12 bullfrogs
  A wyvern skeleton (D:11)
  4 scorpions
  4 wights (D:8)
  9 howler monkeys
  8 crimson imps
  3 bullfrog zombies
  A quasit (D:9)
  7 hounds
  A jelly (D:6)
  A gnoll shaman (D:6)
  4 bullfrog skeletons
  3 centaur skeletons
  6 orc priests
  13 orc wizards
  8 iguanas
  10 worker ants
  A hound skeleton (D:6)
  A worker ant zombie (D:5)
  A howler monkey zombie (D:5)
  6 gnolls (D:6)
  13 adders
  3 shadow imps
  An ooze (D:4)
  An adder zombie (D:8)
  An adder skeleton (D:5)
  A worm (D:2)
  5 dart slugs
  4 leopard geckos
  77 orcs
  14 bats
  3 giant cockroaches
  8 goblins
  5 hobgoblins
  12 jackals
  6 quokkas
  2 ball pythons
  7 frilled lizards
  12 kobolds
  5 rats
  14 plants (D:11)
  2 starspawn tentacles (Abyss:3)
490 creatures vanquished.

Vanquished Creatures (collateral kills)
  An ogre mage (D:14)
  A deep elf archer (D:14)
2 creatures vanquished.

Vanquished Creatures (others)
  2 orc wizards
  A shadow imp (D:12)
  A fungus (D:10)
  4 starspawn tentacles (Abyss:3)
8 creatures vanquished.

Grand Total: 500 creatures vanquished

Notes
Turn   | Place    | Note
-------+----------+-------------------------------------------
     0 | D:1      | sanboga the Gargoyle Berserker began the quest for the Orb.
     0 | D:1      | Reached XP level 1. HP: 14/14 MP: 1/1
   169 | D:1      | Reached XP level 2. HP: 15/19 MP: 2/2
   553 | D:1      | Reached ** piety under Trog
   622 | D:1      | Reached XP level 3. HP: 22/23 MP: 3/3
  1082 | D:2      | Reached skill level 1 in Shields
  1137 | D:2      | Reached XP level 4. HP: 12/29 MP: 4/4
  1551 | D:2      | Reached skill level 2 in Shields
  1552 | D:2      | Reached XP level 5. HP: 33/33 MP: 5/5
  1888 | D:3      | Reached skill level 3 in Shields
  1888 | D:3      | Reached XP level 6. HP: 31/38 MP: 6/6
  1893 | D:3      | Reached *** piety under Trog
  1927 | D:3      | Found a basalt altar of Yredelemnul.
  1955 | D:3      | Received a gift from Trog
  2515 | D:4      | Found a sacrificial altar of Ru.
  2534 | D:4      | Found Nuiff's Distillery.
  2553 | D:4      | Bought a potion of degeneration for 13 gold pieces
  2611 | D:4      | Bought a potion of ambrosia for 104 gold pieces
  2611 | D:4      | Bought a potion of haste for 130 gold pieces
  2641 | D:4      | Reached XP level 7. HP: 42/44 MP: 7/7
  2724 | D:4      | Noticed Pikel
  2744 | D:4      | Killed Pikel
  2744 | D:4      | Reached skill level 5 in Fighting
  2744 | D:4      | Reached skill level 5 in Axes
  2744 | D:4      | Reached skill level 5 in Shields
  2744 | D:4      | Reached XP level 8. HP: 40/49 MP: 8/8
  2835 | D:4      | Noticed Blork the orc
  2852 | D:4      | Killed Blork the orc
  3527 | D:5      | Entered Level 5 of the Dungeon
  3537 | D:5      | Reached skill level 5 in Armour
  3537 | D:5      | Reached skill level 6 in Shields
  3681 | D:5      | Reached **** piety under Trog
  3909 | D:5      | Reached XP level 9. HP: 42/55 MP: 9/9
  4076 | D:5      | Reached skill level 7 in Shields
  4536 | D:6      | Reached ***** piety under Trog
  4668 | D:6      | You fall into a shaft and drop 2 floors!
  4669 | D:8      | Found Miotheyq's Gadget Emporium.
  4703 | D:8      | Found a hide-covered altar of Uskayaw.
  4703 | D:8      | Found a shattered altar of Ashenzari.
  4711 | D:8      | Found a shimmering altar of Xom.
  4714 | D:8      | Found a burning altar of Makhleb.
  4716 | D:8      | Found a hazy altar of Hepliaklqana.
  4749 | D:8      | Paralysed by an orc for 6 turns
  4875 | D:8      | Noticed Maurice
  4905 | D:8      | Found Poankoviu's Distillery.
  4916 | D:8      | Found Yniuzis's Armour Emporium.
  4963 | D:8      | Reached skill level 8 in Shields
  4965 | D:8      | Noticed Psyche
  4979 | D:8      | Killed Psyche
  5027 | D:8      | Reached XP level 10. HP: 37/63 MP: 10/10
  6263 | D:6      | Reached skill level 9 in Shields
  6496 | D:7      | Found a staircase to the Ecumenical Temple.
  6537 | D:7      | Received a gift from Trog
  7343 | Temple   | Entered the Ecumenical Temple
  7634 | D:8      | Found Xebee's Magic Scroll Boutique.
  7654 | D:8      | Bought a scroll of enchant weapon for 90 gold pieces
  7654 | D:8      | Bought a scroll of holy word for 90 gold pieces
  7696 | D:8      | Noticed Joseph
  7711 | D:8      | Killed Joseph
  7718 | D:8      | Killed Maurice
  7917 | D:8      | Found Oxzocure's Magic Scroll Shoppe.
  7944 | D:8      | Reached skill level 10 in Shields
  8161 | D:9      | Reached XP level 11. HP: 67/68 MP: 11/11
  8486 | D:9      | Noticed Erica
  8503 | D:9      | Killed Erica
  8617 | D:10     | Entered Level 10 of the Dungeon
  8805 | D:10     | Found a staircase to the Orcish Mines.
  8829 | D:10     | Found a blossoming altar of Fedhas.
  9370 | D:10     | Reached skill level 11 in Shields
  9376 | D:10     | Reached skill level 10 in Axes
  9632 | D:11     | Noticed an obsidian statue
  9647 | D:11     | Found a staircase to the Lair.
  9653 | D:11     | Noticed an oklob plant
  9672 | D:11     | Killed an oklob plant
  9722 | D:11     | Found a stormy altar of Qazlal.
  9752 | D:11     | Received a gift from Trog
 10106 | D:11     | Noticed Snorg
 10117 | D:11     | Killed Snorg
 10277 | D:11     | Reached XP level 12. HP: 74/76 MP: 12/12
 10512 | D:11     | Noticed a sun demon
 10855 | D:8      | Bought a +2 large shield for 264 gold pieces
 10971 | D:12     | Noticed Josephine
 10971 | D:12     | Noticed Urug
 10980 | D:12     | Noticed a two-headed ogre
 11004 | D:12     | Killed a two-headed ogre
 11004 | D:12     | Reached skill level 12 in Shields
 11014 | D:12     | Killed Urug
 11016 | D:12     | Killed Josephine
 11291 | D:12     | Noticed a two-headed ogre
 11402 | D:12     | Killed a two-headed ogre
 11535 | D:13     | Reached skill level 10 in Fighting
 11708 | D:13     | Noticed a two-headed ogre
 11722 | D:13     | Killed a two-headed ogre
 11725 | D:13     | Reached skill level 13 in Shields
 11886 | D:13     | Noticed a centaur warrior
 11897 | D:13     | Killed a centaur warrior
 11897 | D:13     | Reached XP level 13. HP: 77/82 MP: 13/13
 11925 | D:13     | Reached skill level 10 in Armour
 12031 | D:13     | Reached ****** piety under Trog
 12107 | D:13     | Received a gift from Trog
 12714 | D:14     | Noticed a vault guard
 12894 | D:14     | Noticed a vault guard
 12894 | D:14     | Noticed Frances
 12917 | D:14     | Killed a vault guard
 12927 | D:14     | Killed Frances
 12927 | D:14     | Reached skill level 14 in Shields
 12933 | D:14     | Noticed a vault guard
 13115 | D:14     | Killed a vault guard
 13127 | D:14     | Noticed a vault guard
 13151 | D:14     | Killed a vault guard
 13152 | D:14     | Found a gate to the Vaults.
 13268 | D:14     | Killed a vault guard
 13716 | D:14     | You fall into a shaft and drop 1 floor!
 13716 | D:15     | Entered Level 15 of the Dungeon
 13785 | D:15     | Noticed an ettin
 13794 | D:14     | Killed an ettin
 13794 | D:14     | Gained mutation: Your large and strong wings let you fly
                  | indefinitely. [Gargoyle growth]
 13794 | D:14     | Reached XP level 14. HP: 72/90 MP: 14/14
 14739 | D:15     | Found a staircase to the Depths.
 14967 | D:15     | Noticed Louise
 14972 | D:15     | Cast into level 3 of the Abyss (Louise)
 15067 | Abyss:3  | Noticed a cacodemon
 15078 | Abyss:3  | Gained mutation: Scrolls take you a little longer to read.
                  | [a cacodemon]
 15165 | Abyss:3  | Reached skill level 15 in Shields
 15193 | Abyss:3  | Noticed a starcursed mass
 15201 | Abyss:3  | Paralysed by accursed screaming for 1 turns
 15210 | Abyss:3  | HP: 3/63 [starcursed mass/accursed screaming (9)]
 15374 | Abyss:3  | Noticed a tentacled starspawn
 15382 | Abyss:3  | Noticed a red very ugly thing
 15401 | Abyss:3  | Killed a red very ugly thing
 15414 | Abyss:3  | Killed a tentacled starspawn
 15417 | Abyss:3  | HP: 3/91 [ancient zyme (4)]
 15420 | Abyss:3  | Slain by an apocalypse crab

Levels and vault maps discovered:
D:1:      lightli_arrival_farm, layout_basic
D:2:      cheibrodos_pilgrimage, layout_basic, minmay_strange_pillars
D:3:      layout_loops_ring, yredelemnul_altar_generic, serial_bayou_ford_a,
          grunt_ministairs_9
D:4:      layout_rooms, lemuel_crystal_altar, first_ration, serial_shops,
          shop_fountains, uniq_pikel, uniq_blork_the_orc
D:5:      layout_cave_pools, minmay_bent
D:6:      layout_layer_cave, minmay_manual_monstrance
D:7:      layout_loops_ring, minmay_temple_entry_sparse_star, grunt_livestock
D:8:      layout_rooms, chequers_temple_overflow_minitemple, serial_shops,
          kennysheep_mini, shop_statue, shop, shop,
          nicolae_shop_window_shopping, uniq_maurice, uniq_psyche, uniq_joseph
D:9:      layout_roguey, uniq_erica
D:10:     layout_irregular_city, hiddenorc1_lemuel, serial_co_window_serial,
          co_window_corner_a, co_window_paths_b, co_window_corner_a,
          co_window_paths_a, co_window_of_opportunity_a, co_window_cross_1,
          co_window_of_opportunity_a, co_window_broadway_b,
          co_window_broadway_b, co_window_broadway_c, glass_columns_a,
          glass_columns_b, glass_columns_b, glass_columns_a, fedhas_altar_3
D:11:     layout_gridville, dpeg_oklobed_lair, basic_altar,
          minmay_protected_statue, uniq_snorg
D:12:     layout_basic, uniq_josephine, uniq_urug
D:13:     layout_irregular_city
D:14:     layout_irregular_city, grunt_vaults_entry_fortified,
          grunt_decor_clamped, serial_co_window_serial, co_window_paths_a,
          co_window_paths_a, co_window_corner_a, co_window_paths_b,
          co_window_paths_a, co_window_unsneaky_path_c, co_window_cross_4,
          co_window_of_opportunity_c, co_window_cross_3, co_window_broadway_c,
          co_window_cross_3, glass_columns_a, glass_columns_a, glass_columns_c,
          st_stairs_12, uniq_frances
D:15:     hangedman_depths_entry_civil_slaughter, layout_loops_cross,
          serial_shops, shop, kennysheep_doodads,
          nicolae_qazlal_eye_of_the_storm, uniq_louise
Temple:   regret_index_temple_generic_petals
Abyss:3:  nicolae_abyss_rune_star_stuff, minivault_24,
          evilmike_nicolae_abyss_rune_betentacled_crabyss,
          evilmike_abyss_exit_10, evilmike_abyss_exit_chaos

Skill      XL: |  1  2  3  4  5  6  7  8  9 10 11 12 13 14 |
---------------+-------------------------------------------+-----
Axes           | 3 4 5 6 7 9 10 11 12 13 | 13.5
Shields        | 1 2 3 5 6 8 10 11 13 14 15 | 15.3
Armour         | 3 4 5 6 7 8 9 10 11 | 11.6
Fighting       | 4 5 7 8 9 10 11 | 11.7
Dodging        | |  1.5

Action                   |  1- 3 |  4- 6 |  7- 9 | 10-12 | 13-15 || total
-------------------------+-------+-------+-------+-------+-------++-------
Melee: Hand axe          |    78 |   194 |   505 |   129 |       ||   906
       Broad axe         |       |       |       |   598 |   459 ||  1057
Invok: Berserk           |     2 |     2 |     7 |     8 |     7 ||    26
       Brothers in Arms  |       |       |       |     2 |     1 ||     3
       Trog's Hand       |       |       |       |       |     3 ||     3
 Abil: Fly               |       |       |       |       |     1 ||     1
Evoke: Wand              |       |       |       |     3 |       ||     3
  Use: Scroll            |     4 |     5 |     4 |    12 |     4 ||    29
       Potion            |     2 |       |     2 |     4 |     5 ||    13
  Eat: Chunk             |     2 |     7 |    12 |    22 |    10 ||    53
       Ration            |       |       |     1 |     4 |     2 ||     7
Armor: Animal skin       |    36 |    14 |       |       |       ||    50
       Scale mail        |       |    85 |   195 |   123 |       ||   403
       Plate armour      |       |       |       |   344 |   255 ||   599
Dodge: Dodged            |    44 |   120 |   137 |   217 |    68 ||   586
Block: Buckler           |    12 |    45 |    17 |       |       ||    74
       Shield            |       |       |   152 |   380 |       ||   532
       Large shield      |       |       |       |   246 |   587 ||   833
